 Dungeon Crawl Stone Soup version 0.31.0-12-g77e489cdc1 (webtiles) character file.

Game seed: 129421811743388321

186 Ijustatesigmund the Covered (level 5, -1/34 HPs)
             Began as a Gargoyle Fighter on Feb 22, 2024.
             Killed from afar by Duvessa (3 damage)
             ... with a puff of flame
             ... on level 4 of the Dungeon.
             The game lasted 00:03:06 (2741 turns).

Ijustatesigmund the Covered (Gargoyle Fighter)      Turns: 2741, Time: 00:03:07

Health: -1/34      AC: 14    Str: 13 (16) XL:     5   Next: 65%
Magic:  5/5        EV:  8    Int: 13 (15) God:
Gold:   134        SH:  4    Dex:  8 (9)  Spells: 4/4 levels left

rFire   . . .        i - +4 mace of the Wasteland {heavy, rPois rC++ Str-3 Int+4}
rCold   + + .        c - +0 buckler
rNeg    + + .        b - +0 scale mail
rPois   ∞            (no helmet)
rElec   +            (no cloak)
rCorr   .            (no gloves)
SInv    .            o - +2 pair of boots
Will    .....        (no amulet) Stlth
                     r - ring of positive energy
HPRegen 0.25/turn    (no ring)
MPRegen 0.09/turn

%: no passive effects
@: no status effects
A: sickness immunity, AC +4, negative energy resistance 1, electricity
resistance, torment resistance 1, petrification resistance
a: no special abilities


You were on level 4 of the Dungeon.
You visited 1 branch of the dungeon, and saw 4 of its levels.

You collected 134 gold pieces.

Inventory:

Hand Weapons
 a - a +0 flail
 i - the +4 mace of the Wasteland (weapon) {heavy, rPois rC++ Str-3 Int+4}
   (You found it on level 2 of the Dungeon)

   Str-3:     It affects your strength (-3).
   Int+4:     It affects your intelligence (+4).
   rC++:      It greatly protects you from cold.
   rPois:     It protects you from poison
Armour
 b - a +0 scale mail (worn)
 c - a +0 buckler (worn)
 o - a +2 pair of boots (worn)
Jewellery
 r - a ring of positive energy (left hand)
 v - a ring of ice
Wands
 t - a wand of flame (16)
Scrolls
 e - 4 scrolls of identify {unknown}
 g - a scroll of amnesia {unknown}
 h - 2 scrolls of enchant weapon {unknown}
 j - a scroll of poison {unknown}
 k - a scroll of immolation {unknown}
 m - a scroll of vulnerability {unknown}
 p - a scroll of torment {unknown}
 q - a scroll of teleportation {unknown}
 s - a scroll of revelation {unknown}
Potions
 d - a potion of might
 n - a potion of curing


   Skills:
 + Level 4.3 Fighting
 + Level 3.2 Maces & Flails
 + Level 4.4 Armour
 + Level 4.4 Shields


You had 4 spell levels left.
You didn't know any spells.
Your spell library was empty.

Dungeon Overview and Level Annotations

Branches:
Dungeon (4/15)
 Temple: D:4-7

Altars:
Xom

Annotations:
D:4 Dowan, Duvessa


Innate Abilities, Weirdness & Mutations

You are immune to sickness and miasma.
Your stone body is resilient. (AC +4)
You are immune to poison.
You resist negative energy. (rN+)
You are resistant to electric shocks. (rElec)
You are resistant to unholy torment.
You are immune to petrification.


Message History

The puff of flame hits Dowan.
Duvessa zaps a wand.
The puff of flame misses you.
The puff of flame hits Dowan!
Dowan closely misses you. Duvessa hits you with a +0 short sword.
You are too injured to fight recklessly!
You are too injured to fight recklessly!
You are too injured to fight recklessly!
You are too injured to fight recklessly!
You barely miss Dowan.
Dowan is heavily wounded.
Duvessa hits you with a +0 short sword. You block Dowan's attack.
Duvessa barely misses you. Dowan closely misses you.
Duvessa hits you with a +0 short sword.
* * * LOW HITPOINT WARNING * * *
Unknown command.
It was a potion of curing.
You feel better. Duvessa hits you but does no damage. Dowan closely misses you.
Duvessa zaps a wand.
The puff of flame hits you but does no damage.
It was a potion of resistance.
You feel protected. Dowan hits you with a +0 dagger.
* * * LOW HITPOINT WARNING * * *
Duvessa barely misses you.
You hit Duvessa.
Duvessa is almost dead.
Duvessa barely misses you. Dowan hits you with a +0 dagger.
* * * LOW HITPOINT WARNING * * *
Duvessa barely misses you. You block Dowan's attack.
Duvessa hits you with a +0 short sword!
* * * LOW HITPOINT WARNING * * *
It was a potion of degeneration.
There was something very wrong with that liquid.
You feel weakened.
You feel dopey.
You feel clumsy. Duvessa hits you but does no damage. Dowan closely misses you.
It was a potion of cancellation.
Your magical effects are unravelling.
You feel magically purged.
Your resistance to elements expires.
Duvessa zaps a wand.
The puff of flame hits you.
You die...

#### ...
..# #.# #e#
#@# #e#
##.##.#####
#.........#
#.#######<#
#.# #.# #..
#.#


You could see Duvessa (fast) and Dowan.

Vanquished Creatures
  4 gnolls
  5 adders
  5 dart slugs
  2 ribbon worms (D:3)
  2 orcs (D:3)
  7 ball pythons
  12 bats
  5 endoplasms
  2 giant cockroaches
  6 goblins
  10 hobgoblins
  2 jackals (D:1)
  10 kobolds
  3 quokkas
  2 frilled lizards (D:1)
  4 rats
81 creatures vanquished.

Notes
Turn   | Place    | Note
-------+----------+-------------------------------------------
     0 | D:1      | Ijustatesigmund the Gargoyle Fighter began the quest for
                  | the Orb.
     0 | D:1      | Reached XP level 1. HP: 14/14 MP: 1/1
    91 | D:1      | Reached XP level 2. HP: 14/19 MP: 2/2
   506 | D:1      | Reached XP level 3. HP: 23/23 MP: 3/3
  1144 | D:2      | Reached XP level 4. HP: 28/29 MP: 4/4
  1206 | D:2      | Identified the +6 spear of Desertification {protect, rN++
                  | Str+2}
  1207 | D:2      | Identified the +4 mace of the Wasteland {heavy, rPois rC++
                  | Str-3 Int+4}
  1323 | D:2      | Found a faded altar of an unknown god.
  1776 | D:3      | Found a shimmering altar of Xom.
  1982 | D:3      | Reached XP level 5. HP: 33/33 MP: 5/5
  2726 | D:4      | Noticed Duvessa
  2727 | D:4      | Noticed Dowan
  2739 | D:4      | HP: 1/34 [Duvessa/+0 short sword (7)]
  2741 | D:4      | Killed from afar by Duvessa

Illustrated notes

Levels and vault maps discovered:
D:1:      kennysheep_arrival_forest, layout_basic
D:2:      layout_basic, nicolae_ecumenical_lake_church,
          minmay_stone_trees_small, kennysheep_doodads,
          chequers_serial_rivers_micro_d
D:3:      minmay_razor_zed, layout_loops_ring, mainiacjoe_overflow_boulevard,
          chequers_serial_rivers_marsh, hangedman_abyss_or_decor_lesser_grid,
          corexii_hall_statues_i
D:4:      layout_loops_ring, nzn_wu_jian_council_hall,
          minmay_temple_entry_enclosed_plants, serial_undead, serial_undead_e,
          serial_undead_f, serial_undead_c, serial_undead_d,
          minmay_fractal_squares_diagonal_5, uniq_duvessa, uniq_eustachio

Skill      XL: |  1  2  3  4  5 |
---------------+----------------+-----
Fighting       | 4 |  4.3
Armour         | 4 |  4.4
Shields        | 4 |  4.4
Maces & Flails | 3 |  3.2

Action                     |  1- 3 |  4- 6 || total
---------------------------+-------+-------++-------
  Melee: Flail             |   117 |    24 ||   141
         Mace              |       |    86 ||    86
    Use: Potion            |       |     5 ||     5
 Armour: Scale mail        |    76 |   101 ||   177
  Dodge: Dodged            |    58 |    80 ||   138
  Block: Buckler           |    27 |    23 ||    50
